[Event "Late-Titled-Tuesday-Blitz-February-06-2024"]
[Site "Chess.com"]
[Date "2024.02.06"]
[Round "5"]
[White "egnfanclub"]
[Black "katharinareinecke"]
[Result "1-0"]
[WhiteElo "2362"]
[BlackElo "1976"]
[TimeControl "180+1"]
[EndTime "14:54:45 PST"]
[Termination "egnfanclub won on time"]

1. e4 c6 2. d4 d5 3. exd5 cxd5 4. c4 Nf6 5. Nc3 Be6 6. Nf3 Nc6 7. c5 g6 8. Qb3 Qc8 9. Bb5 Bg7 10. O-O O-O 11.
Re1 b6 12. Bxc6 Qxc6 13. Ne5 Qb7 14. c6 Qc8 15. Bg5 Rd8 16. Rac1 h6 17. Bh4 g5 18.
Bg3 Ne4 19. c7 Qxc7 20. Nxe4 Qxc1 21. Rxc1 dxe4 22. Qb4 f5 23. f4 g4 24. Nc6 Rd7 25. Bh4 Bxa2 26. Nxe7+ Kf7 27. Nxf5 Bxd4+ 28. Kh1 Bc5 29. Qc3 Rad8 30. Bxd8 Rxd8 31. Qg7+ Ke8 32. Qxa7 Be3 33. Qxa2 Bxc1 34. Qe6+ Kf8 35. Qe7+ 1-0

[Event "Late-Titled-Tuesday-Blitz-February-06-2024"]
[Site "Chess.com"]
[Date "2024.02.06"]
[Round "5"]
[White "nihalsarin"]
[Black "DanielDardha2005"]
[Result "1-0"]
[WhiteElo "3108"]
[BlackElo "2907"]
[TimeControl "180+1"]
[EndTime "14:54:46 PST"]
[Termination "nihalsarin won by resignation"]

1. Nf3 d5 2. e3 Nf6 3. c4 e6 4. Nc3 dxc4 5. Bxc4 a6 6. O-O c5 7. b3 Be7 8. Bb2 O-O 9. d4 b5 10. Be2 Nc6 11. dxc5 Bb7 12. Rc1 Rc8 13. Qc2 Bxc5 14. Rfd1 Qe7 15. Ng5 Nb4 16. Qb1 g6 17. a3 Nbd5 18.
Nxd5 Bxd5 19. b4 Bb6 20. Qa1 Rxc1 21. Rxc1 Nd7 22. h4 e5 23. Rd1 Bc6 24. Bf3 Bxf3 25. Nxf3 f6 26. Qa2+ Qf7 27. Qb1 Rd8 28. Rd6 Bc7 29.
Rxa6 Qc4 30. Qf1 Nb6 31. Ra7 Qc2 32. Qxb5 Rd1+ 33. Kh2 e4+ 34. Be5 exf3 35. Qe8+ Kg7 36. Rxc7+ Qxc7 37. Bxc7 1-0

[Event "Late-Titled-Tuesday-Blitz-February-06-2024"]
[Site "Chess.com"]
[Date "2024.02.06"]
[Round "5"]
[White "stepanosinovsky"]
[Black "yuriydovzik"]
[Result "1-0"]
[WhiteElo "2378"]
[BlackElo "2199"]
[TimeControl "180+1"]
[EndTime "14:54:46 PST"]
[Termination "stepanosinovsky won on time"]

1. e4 c6 2. d3 d5 3. Nd2 g6 4. Ngf3 Bg7 5. g3 e5 6. Bg2 Ne7 7. O-O O-O 8. Re1 d4 9. Nc4 Qc7 10. a4 c5 11. Nh4 h6 12. f4 Nbc6 13. Rf1 Be6 14. f5 Bxc4 15. dxc4 gxf5 16. exf5 f6 17.
Qh5 Qd8 18. Bxh6 Qe8 19. Ng6 Nxg6 20. Bd5+ Rf7 21. fxg6 Nd8 22. Bxg7 Kxg7 23. Qh7+ Kf8 24. gxf7 Nxf7 25. Rxf6 1-0

[Event "Late-Titled-Tuesday-Blitz-February-06-2024"]
[Site "Chess.com"]
[Date "2024.02.06"]
[Round "5"]
[White "j_coca"]
[Black "temiksmozg"]
[Result "1-0"]
[WhiteElo "2463"]
[BlackElo "2605"]
[TimeControl "180+1"]
[EndTime "14:54:47 PST"]
[Termination "j_coca won by resignation"]

1. f4 e5 2. fxe5 d6 3. exd6 Bxd6 4. Nf3 Nf6 5. d4 Ng4 6. e4 Nxh2 7. e5 Nxf3+ 8. Qxf3 Be7 9. Bc4 Be6 10. d5 b5 11. dxe6 f6 12. Bxb5+ c6 13. Bxc6+ Nxc6 14. Qxc6+ Kf8 15. Nc3 Rc8 16. Qf3 Qb6 17. Nd5 Qxe6 18.
Nxe7 Qxe7 19. O-O Qxe5 20. Qa3+ Kf7 21. Qb3+ Kg6 22. Bf4 Qc5+ 23. Kh1 Qxc2 24. Qg3+ Kf7 25. Rac1 Qxb2 26. Rb1 Qc3 27. Rb7+ Ke6 28. Qxg7 Qd3 29. Qg4+ f5 30. Re1+ Kd5 31. Qh5 Rhe8 32. Rd7+ Kc6 33. Rxd3 1-0

[Event "Late-Titled-Tuesday-Blitz-February-06-2024"]
[Site "Chess.com"]
[Date "2024.02.06"]
[Round "5"]
[White "wild3000"]
[Black "guillembaches"]
[Result "1/2-1/2"]
[WhiteElo "2366"]
[BlackElo "2544"]
[TimeControl "180+1"]
[EndTime "14:54:51 PST"]
[Termination "Game drawn by repetition"]

1. e4 c5 2. Nf3 d6 3. d4 cxd4 4. Nxd4 Nf6 5. Nc3 Nc6 6. Nxc6 bxc6 7. Bd3 g6 8. O-O Bg7 9. Rb1 O-O 10. b3 d5 11. Bb2 e5 12. Na4 Nxe4 13. Bxe4 dxe4 14.
Nc5 Qd5 15. Ba3 f5 16. Qe2 Re8 17. Rfd1 Qf7 18. Rd2 Bf8 19. Rbd1 h5 20. h4 Be6 21. Nxe6 Rxe6 22. Bxf8 Rxf8 23. Rd7 Re7 24. R7d6 Re6 25.
Rd7 Re7 26. R7d6 Re6 27. Qa6 Rxd6 28. Rxd6 e3 29. fxe3 f4 30. exf4 Qxf4 31. Rxg6+ Kh7 32. Qxc6 Qd4+ 33. Kh2 Qxh4+ 34. Kg1 Qe1+ 35. Kh2 Qh4+ 36.
Kg1 Qe1+ 37. Kh2 Qh4+ 1/2-1/2

[Event "Late-Titled-Tuesday-Blitz-February-06-2024"]
[Site "Chess.com"]
[Date "2024.02.06"]
[Round "5"]
[White "brm72"]
[Black "Veleamater"]
[Result "1-0"]
[WhiteElo "2631"]
[BlackElo "2327"]
[TimeControl "180+1"]
[EndTime "14:54:53 PST"]
[Termination "brm72 won by resignation"]

1. d4 d6 2. g3 g6 3. Bg2 Bg7 4. c4 Nf6 5. Nc3 O-O 6. e4 Nc6 7. Nf3 e5 8. d5 Ne7 9. O-O h6 10. Ne1 Ne8 11. Nd3 f5 12. f4 Kh7 13. Be3 Nf6 14. h3 Nh5 15. Kh2 Nxg3 16. Kxg3 exf4+ 17. Bxf4 g5 18. Bd2 f4+ 19. Kh2 Ng6 20. Bf3 Qf6 21. Bg4 Qd4 22. Qe2 Bxg4 23. hxg4 Nh4 24.
Nb5 Qb6 25. Bc3 a6 26. Bxg7 Kxg7 27. Nc3 Rae8 28. Rae1 Qd4 29. e5 dxe5 30. Qe4 Qb6 31. c5 Qf6 32. Nxe5 Ng6 33. Qxg6+ Qxg6 34. Nxg6 Kxg6 35.
Kg2 h5 36. Kf3 hxg4+ 37. Kxg4 Rh8 38. Rxe8 Rxe8 39. Rh1 Re3 40. Rh3 Re1 41. Rd3 Rg1+ 42. Kf3 Kf5 43. Kf2 Rh1 44. d6 cxd6 45. cxd6 Rh2+ 46. Kg1 Rh8 47. d7 Rd8 48. Na4 Ke4 49. Nc5+ 1-0

[Event "Late-Titled-Tuesday-Blitz-February-06-2024"]
[Site "Chess.com"]
[Date "2024.02.06"]
[Round "5"]
[White "Durarbayli"]
[Black "GMWSO"]
[Result "0-1"]
[WhiteElo "2914"]
[BlackElo "3092"]
[TimeControl "180+1"]
[EndTime "14:54:54 PST"]
[Termination "GMWSO won on time"]

1. e4 e5 2. Nf3 Nc6 3. d4 exd4 4.
Nxd4 Nf6 5. Nxc6 bxc6 6. e5 Qe7 7. Qe2 Nd5 8. h4 a5 9. c4 Nb6 10. Nd2 a4 11. g3 g6 12. h5 Bg7 13. f4 O-O 14. Qh2 g5 15. h6 Bh8 16. Bd3 d5 17. cxd5 Nxd5 18. Ne4 Nb4 19. Bb1 Ba6 20. Be3 Nd3+ 21.
Bxd3 Bxd3 22. Bc5 Qd7 23. O-O-O Qd5 24. Rxd3 Qxd3 25. Qc2 Rfd8 26. Nxg5 f6 27. exf6 Bxf6 28. Ne4 Bh8 29. Qxd3 Rxd3 30. Kc2 Rd5 31. Ba3 Re8 32.
Re1 Re6 33. g4 Rxh6 34. Ng5 Rh2+ 35. Kc1 Bf6 36. Re8+ Kg7 0-1

[Event "Late-Titled-Tuesday-Blitz-February-06-2024"]
[Site "Chess.com"]
[Date "2024.02.06"]
[Round "5"]
[White "Semetey"]
[Black "mbojan"]
[Result "1-0"]
[WhiteElo "2626"]
[BlackElo "2834"]
[TimeControl "180+1"]
[EndTime "14:54:55 PST"]
[Termination "Semetey won on time"]

1. e4 a6 2. a3 e6 3. d4 d5 4. Nc3 Nf6 5. e5 Nfd7 6. f4 c5 7.
Nf3 Nc6 8. Be3 b5 9. Qd2 Bb7 10. Be2 cxd4 11. Nxd4 b4 12. axb4 Bxb4 13. O-O O-O 14. Bd3 Qc7 15. Qf2 Nxd4 16. Bxd4 Bc5 17. Ne2 g6 18. c3 Rfb8 19. h4 a5 20. h5 Ba6 21. Bxa6 Rxa6 22. b4 Bxd4 23. Qxd4 Raa8 24.
h6 axb4 25. cxb4 Qd8 26. g3 Rxa1 27. Rxa1 Nb6 28. Ra7 Rc8 29. Rb7 Nc4 30. Qa7 Qf8 31. b5 Ra8 32. b6 Rc8 33. Rc7 Rd8 34. b7 Nd2 35. Qc5 1-0

[Event "Late-Titled-Tuesday-Blitz-February-06-2024"]
[Site "Chess.com"]
[Date "2024.02.06"]
[Round "5"]
[White "boguszp"]
[Black "Mariia89"]
[Result "0-1"]
[WhiteElo "2077"]
[BlackElo "2189"]
[TimeControl "180+1"]
[EndTime "14:54:55 PST"]
[Termination "Mariia89 won by checkmate"]

1. d4 Nf6 2. Bf4 c5 3. e3 cxd4 4. exd4 d5 5. c3 Nc6 6. Nd2 Bf5 7. Ngf3 e6 8. Ne5 Bd6 9. Bb5 Bxe5 10. Bxe5 O-O 11.
O-O Nxe5 12. dxe5 Ne4 13. Nxe4 Bxe4 14. Bd3 Bxd3 15. Qxd3 Qb6 16. Rab1 Rac8 17. Kh1 Rfd8 18. f4 d4 19. c4 Qb4 20. b3 Rc5 21. Rbd1 b5 22. cxb5 Rc3 23. Qe2 h6 24. Rd2 Re3 25. Qxe3 dxe3 26. Rxd8+ Kh7 27. Rd3 e2 28. Rg1 e1=Q 29.
Rd1 Qxg1+ 30. Rxg1 Qxf4 31. Re1 Qb4 32. a4 Qxe1# 0-1

[Event "Late-Titled-Tuesday-Blitz-February-06-2024"]
[Site "Chess.com"]
[Date "2024.02.06"]
[Round "5"]
[White "rdarruda"]
[Black "Teidi96"]
[Result "1-0"]
[WhiteElo "2548"]
[BlackElo "2345"]
[TimeControl "180+1"]
[EndTime "14:54:58 PST"]
[Termination "rdarruda won by resignation"]

1. d4 Nf6 2. Nf3 d5 3. c4 e6 4.
Nc3 Be7 5. e3 O-O 6. Bd3 dxc4 7.
Bxc4 a6 8. O-O b5 9. Be2 Bb7 10. a4 b4 11. Nb1 c5 12. b3 Nbd7 13. Bb2 Qb8 14. Nbd2 cxd4 15. Nxd4 Rc8 16. Rc1 Rxc1 17. Qxc1 Qd6 18. Bf3 Rc8 19. Qb1 Bxf3 20. N2xf3 Nc5 21. Rc1 Rd8 22. h3 Nce4 23. Rc6 Qd5 24. Rxa6 Rc8 25. Qf1 Nc5 26. Ra7 Bf8 27. Qb5 Nd3 28.
Qxd3 e5 29. Qf5 exd4 30. Qxc8 dxe3 31. Ra8 Nd7 32. fxe3 Qd1+ 33. Kh2 h6 34. Be5 Kh7 35. Bg3 Bd6 36. Qc4 Bxg3+ 37. Kxg3 Qd6+ 38. Qf4 Qg6+ 39. Kh2 Nb6 40. Ne5 Qc2 41. Ra7 Nd5 42. Qf3 Qxb3 43. Qxf7 1-0

[Event "Late-Titled-Tuesday-Blitz-February-06-2024"]
[Site "Chess.com"]
[Date "2024.02.06"]
[Round "5"]
[White "TheMagician"]
[Black "romulocardoso"]
[Result "1/2-1/2"]
[WhiteElo "2145"]
[BlackElo "2265"]
[TimeControl "180+1"]
[EndTime "14:55:01 PST"]
[Termination "Game drawn by repetition"]

1. f3 c5 2. Kf2 Nc6 3. Kg3 d5 4.
e3 h5 5. Kf2 h4 6. Ke1 e5 7. d3 Bd6 8. e4 d4 9. f4 exf4 10. Nd2 g5 11. Nc4 Be7 12. h3 b5 13.
Nd2 Be6 14. a4 a6 15. Be2 f5 16. Bh5+ Kf8 17. exf5 Bxf5 18. Bf3 Bd7 19. Ne4 b4 20. Bg4 Ne5 21. Bxd7 Qxd7 22. Nf3 Nxf3+ 23. gxf3 Nh6 24. Qe2 Nf5 25. b3 Re8 26. Qg2 Kf7 27. Kd1 Rhg8 28. Bd2 Qd5 29. Kc1 a5 30. Qg4 Bf6 31. Kb2 Ne3 32.
Qg1 Rc8 33. Kb1 c4 34. dxc4 Nxc4 35. bxc4 Rxc4 36. Qf1 Rgc8 37. Ra2 b3 38. cxb3 Rb8 39.
Nd6+ Kg7 40. Qxc4 Rxb3+ 41. Kc2 d3+ 42. Kxb3 Qxd6 43. Ra3 Qb6+ 44. Qb5 Qe6+ 45. Qc4 Qb6+ 46. Qb5 Qe6+ 47. Qc4 Qb6+ 1/2-1/2

[Event "Late-Titled-Tuesday-Blitz-February-06-2024"]
[Site "Chess.com"]
[Date "2024.02.06"]
[Round "5"]
[White "spaski2004"]
[Black "gahryman"]
[Result "1-0"]
[WhiteElo "2948"]
[BlackElo "2676"]
[TimeControl "180+1"]
[EndTime "14:55:03 PST"]
[Termination "spaski2004 won on time"]

1. Nf3 d5 2. e3 Nf6 3. c4 e6 4. b3 c5 5. Bb2 Nc6 6. cxd5 exd5 7.
Bb5 Bd6 8. O-O O-O 9. d4 cxd4 10. Nxd4 Bd7 11. Nd2 a6 12. Bd3 Ne5 13. Bf5 Re8 14.
N2f3 Ne4 15. Rc1 Ng4 16. g3 g6 17. Bxd7 Qxd7 18. Ne2 Bc5 19. Rxc5 Nxc5 20. Qd4 f6 21.
Qxc5 Rac8 22. Qd4 Rc2 23. Nf4 Re4 24. Qd3 Rxb2 25. Nxd5 Qf5 26. Nh4 Qe5 27. h3 Nxf2 28. Rxf2 Qxg3+ 29. Rg2 Qe1+ 30. Kh2 Rxh4 31. Rxb2 Rxh3+ 32.
Kxh3 Qh1+ 33. Kg3 1-0

[Event "Late-Titled-Tuesday-Blitz-February-06-2024"]
[Site "Chess.com"]
[Date "2024.02.06"]
[Round "5"]
[White "trriinu"]
[Black "pooh2012"]
[Result "1-0"]
[WhiteElo "2253"]
[BlackElo "2513"]
[TimeControl "180+1"]
[EndTime "14:55:03 PST"]
[Termination "trriinu won on time"]

1. e4 e6 2. d4 d5 3. Nd2 a6 4. Ngf3 Nf6 5. e5 Nfd7 6. Bd3 c5 7. c3 Nc6 8. O-O Be7 9. Re1 O-O 10. Nf1 cxd4 11. cxd4 b6 12. Bb1 g6 13. Ne3 Re8 14. Ng4 Bf8 15. Bg5 Qc7 16. h4 Bb7 17. h5 Rac8 18. Nh6+ Kg7 19. Nh2 Be7 20. Bxe7 Nxe7 21. N6g4 Nf5 22. Qd2 b5 23. Bxf5 exf5 24. Qh6+ Kh8 25.
Nf6 Nf8 26. Nf3 Qe7 27. Ng5 1-0

[Event "Late-Titled-Tuesday-Blitz-February-06-2024"]
[Site "Chess.com"]
[Date "2024.02.06"]
[Round "5"]
[White "DonMicheleCorleone"]
[Black "FMOlexandrProhorov"]
[Result "1-0"]
[WhiteElo "2494"]
[BlackElo "2302"]
[TimeControl "180+1"]
[EndTime "14:55:04 PST"]
[Termination "DonMicheleCorleone won by resignation"]

1. e4 c5 2. c3 e5 3. d4 cxd4 4.
cxd4 exd4 5. Nf3 Nf6 6. e5 Nd5 7. Qxd4 Nb6 8. Bd3 Nc6 9. Qe4 Nb4 10. O-O Nxd3 11. Qxd3 Be7 12. Nc3 O-O 13. Bf4 f6 14. exf6 Bxf6 15. Bd6 Re8 16. Rfe1 Re6 17. Nb5 Qe8 18.
Nc7 Qg6 19. Qxg6 hxg6 20. Nxa8 Nxa8 21. Rac1 Nb6 22. Bc5 Nd5 23. Bxa7 Rxe1+ 24. Nxe1 Ne7 25. Nd3 Nc6 26. Bc5 d5 27. Nb4 Bd7 28. Nxd5 Bxb2 29. Rb1 Bf6 30. Nxf6+ gxf6 31. Rxb7 Be6 32. a4 Na5 33. Rb5 Nc6 34. Rb6 Bd5 35. Rb7 g5 36.
Rd7 Bb3 37. Rd6 Bxa4 38. Rxf6 Kg7 39. Rf5 Kg6 40. Rd5 Nb8 41. Be3 g4 42. Rg5+ Kf6 43.
Rxg4 Bc6 44. h4 Bd7 45. Rg3 Bf5 46. h5 Nd7 47. h6 Nf8 48. Bd4+ Kf7 49. Rg7+ Ke6 50. g4 Be4 51. f4 Nh7 52. f5+ Kd5 53. Rxh7 Kxd4 54. Rd7+ Ke3 55. h7 Kf4 56. h8=Q Kxg4 57.
f6 Bf3 58. f7 Kf4 59. f8=Q+ Ke3 60. Qd4+ Ke2 61. Qh6 1-0

[Event "Late-Titled-Tuesday-Blitz-February-06-2024"]
[Site "Chess.com"]
[Date "2024.02.06"]
[Round "5"]
[White "Viktor_Poddubnyi"]
[Black "HandKnit"]
[Result "0-1"]
[WhiteElo "2267"]
[BlackElo "2503"]
[TimeControl "180+1"]
[EndTime "14:55:04 PST"]
[Termination "HandKnit won by checkmate"]

1. e4 e5 2. f4 Nc6 3. Nf3 exf4 4. d4 d5 5. exd5 Qxd5 6. Bxf4 Qe4+ 7. Qe2 Qxe2+ 8. Bxe2 Bf5 9. c3 O-O-O 10. Nbd2 Bd6 11.
Bxd6 Rxd6 12. O-O Nh6 13. h3 Re8 14. Rae1 a6 15. Bc4 Rxe1 16. Rxe1 Kd8 17. Nf1 f6 18. Ng3 Ne7 19. Nxf5 Nhxf5 20. g4 Rc6 21. Bd3 Nd6 22. Bxh7 b5 23. a3 Nc4 24. Re2 Nd5 25.
Bg8 Nf4 26. Rh2 a5 27. Bxc4 Rxc4 28. Kf2 b4 29. Ke3 bxc3 30. bxc3 Nd5+ 31. Kd3 Rxc3+ 32. Ke4 c6 33. a4 g6 34. Nh4 Re3# 0-1

[Event "Late-Titled-Tuesday-Blitz-February-06-2024"]
[Site "Chess.com"]
[Date "2024.02.06"]
[Round "5"]
[White "viniciusrego"]
[Black "ChEsper99"]
[Result "0-1"]
[WhiteElo "2442"]
[BlackElo "2244"]
[TimeControl "180+1"]
[EndTime "14:55:04 PST"]
[Termination "ChEsper99 won by resignation"]

1. e4 c5 2. Nf3 d6 3. d4 cxd4 4. Nxd4 Nf6 5. Nc3 a6 6. h3 g6 7. Be3 Nc6 8. a4 Bg7 9. Bc4 O-O 10. O-O Qc7 11. Ba2 Nxd4 12. Bxd4 b6 13. Bxf6 exf6 14. Qd4 f5 15. Qd3 fxe4 16. Nxe4 Bf5 17. c3 Rad8 18.
Bd5 a5 19. Rfd1 Rfe8 20. Qf3 Be6 21. Ng5 Bxd5 22. Rxd5 Re5 23. Rad1 Rde8 24. g3 h6 25. Rxe5 dxe5 26. Ne4 f5 27. Nd2 e4 28. Qe3 Rd8 29. Re1 Rd3 30. Qe2 Qd7 31. Nc4 Qxa4 32. Nxb6 Qb5 33. Nc8 Qd7 34. Nb6 Qc6 35. Rd1 Rxd1+ 36.
Qxd1 Qxb6 37. Qd5+ Kh7 38. h4 h5 39. Qd2 a4 40. Qc2 Qb3 41. Qd2 a3 42. bxa3 Qxa3 43. c4 Qc5 44. Qc2 Bd4 45. Kg2 Kg7 46. Qb3 e3 47.
Qb7+ Kh6 48. Qa8 Qxc4 49. Qf8+ Bg7 50. Qe7 Qe4+ 51. Qxe4 fxe4 52. fxe3 Be5 53. Kf2 Kg7 54. Kg2 Kf6 55. Kh3 Kf5 0-1

[Event "Late-Titled-Tuesday-Blitz-February-06-2024"]
[Site "Chess.com"]
[Date "2024.02.06"]
[Round "5"]
[White "matagordo"]
[Black "argentum049"]
[Result "0-1"]
[WhiteElo "2230"]
[BlackElo "2465"]
[TimeControl "180+1"]
[EndTime "14:55:05 PST"]
[Termination "argentum049 won on time"]

1. d4 Nf6 2. Bf4 e6 3. e3 Bd6 4. Nf3 Bxf4 5. exf4 c5 6. Nbd2 cxd4 7. Nxd4 Nc6 8.
N4f3 O-O 9. c3 d6 10. Bd3 e5 11. fxe5 dxe5 12. Ne4 Bg4 13. h3 Bh5 14. Qe2 Qe7 15. O-O Rad8 16. Ng3 Bg6 17. Bxg6 hxg6 18. Rad1 Nd5 19.
Rfe1 Qf6 20. Qb5 Nf4 21. Ne4 Nxh3+ 22. Kh2 Qf5 23. Ng3 Qg4 24. Rxd8 Rxd8 25. Re4 Nf4 26. Qxb7 f5 27. Qxc6 fxe4 28. Qxe4 Rd1 29. Qa8+ Kh7 30. Qd8 Rxd8 0-1

[Event "Late-Titled-Tuesday-Blitz-February-06-2024"]
[Site "Chess.com"]
[Date "2024.02.06"]
[Round "5"]
[White "Sokoloco"]
[Black "Attacker_2006"]
[Result "1-0"]
[WhiteElo "2774"]
[BlackElo "2489"]
[TimeControl "180+1"]
[EndTime "14:55:06 PST"]
[Termination "Sokoloco won on time"]

1. b3 e6 2. Bb2 Nf6 3. e3 d5 4.
Nf3 c5 5. d4 Nc6 6. Nbd2 b6 7.
Bb5 Bb7 8. Ne5 Rc8 9. f4 Bd6 10. O-O O-O 11. a3 a6 12. Nxc6 Bxc6 13. Bxa6 Ra8 14.
Bd3 Nd7 15. Rf3 cxd4 16. Rh3 f5 17. Bxd4 e5 18. fxe5 Bxe5 19. Nf3 Qf6 20. Nxe5 Nxe5 21. Qh5 h6 22. Rf1 Bd7 23. g4 Qd6 24. Bxe5 Qxe5 25.
gxf5 Rxa3 26. Rg3 Ra1 27. Rxa1 Qxa1+ 28. Kg2 Rf6 29. Rg6 Be8 30. Rxg7+ Kxg7 31. Qxe8 Qe1 32. Qe7+ Rf7 33. f6+ Kg8 34. Qe8+ 1-0

[Event "Late-Titled-Tuesday-Blitz-February-06-2024"]
[Site "Chess.com"]
[Date "2024.02.06"]
[Round "5"]
[White "LyonBeast"]
[Black "Witik"]
[Result "1-0"]
[WhiteElo "3148"]
[BlackElo "2750"]
[TimeControl "180+1"]
[EndTime "14:55:08 PST"]
[Termination "LyonBeast won on time"]

1. Nf3 Nf6 2. g3 g6 3. Bg2 Bg7 4. O-O O-O 5. c4 c6 6. d4 d5 7.
b3 dxc4 8. bxc4 c5 9. Bb2 Qb6 10. Qc1 cxd4 11. Nxd4 Rd8 12. e3 Nc6 13. Na3 Bd7 14.
Rb1 Qa6 15. Nb3 b6 16. Nb5 Rac8 17. Rd1 Bf5 18. Rxd8+ Nxd8 19. Ra1 Ne6 20. a4 Be4 21. Bxf6 Bxf6 22. Bxe4 Bxa1 23. Qxa1 Rxc4 24. Qe5 Qxa4 25. N5d4 Nxd4 26. Nxd4 Qd7 27. Bd5 Rc5 28. e4 Qd6 29. Qg5 e6 30. Qf6 Rxd5 31. exd5 Qxd5 32. h4 h5 33. Nf3 a5 34. Ne5 Qb7 35. Qd8+ Kg7 36. Nd7 Qe4 37. Qf8+ 1-0

[Event "Late-Titled-Tuesday-Blitz-February-06-2024"]
[Site "Chess.com"]
[Date "2024.02.06"]
[Round "5"]
[White "djano"]
[Black "jcibarra"]
[Result "0-1"]
[WhiteElo "2633"]
[BlackElo "2888"]
[TimeControl "180+1"]
[EndTime "14:55:08 PST"]
[Termination "jcibarra won by resignation"]

1. d4 Nf6 2. Bf4 d5 3. Nf3 c5 4. e3 Nc6 5. Nbd2 Nh5 6. dxc5 Nxf4 7. exf4 g6 8. c3 Bg7 9. Be2 O-O 10. O-O b6 11. cxb6 Qxb6 12. Qb3 Qc5 13. Qb5 Qd6 14. Qa4 Bd7 15. g3 Rab8 16. Qc2 Rfc8 17. Nb3 a5 18. Qd2 a4 19. Nbd4 Nxd4 20. Nxd4 Qb6 21. Rab1 Bxd4 22. cxd4 Bf5 23. Rbc1 Rxc1 24. Qxc1 Qxd4 25.
b3 axb3 26. axb3 Rxb3 27. Rd1 Qe4 28. Bf1 Bg4 29. Re1 Qb4 30. h3 Bf3 31. Re3 Be4 32.
Re1 Kg7 33. Bg2 Rb1 34. Rxe4 Rxc1+ 0-1

[Event "Late-Titled-Tuesday-Blitz-February-06-2024"]
[Site "Chess.com"]
[Date "2024.02.06"]
[Round "5"]
[White "UnTucopalaTimba"]
[Black "ChessFanNM"]
[Result "1-0"]
[WhiteElo "1971"]
[BlackElo "2320"]
[TimeControl "180+1"]
[EndTime "14:55:08 PST"]
[Termination "UnTucopalaTimba won by resignation"]

1. e4 e5 2. Nf3 Nc6 3. Bb5 a6 4.
Ba4 b5 5. Bb3 Na5 6. O-O Bb7 7.
Re1 Nf6 8. d3 Be7 9. Nxe5 Nxb3 10.
axb3 d5 11. Nc3 dxe4 12. dxe4 b4 13. Nd5 Nxd5 14. exd5 Qxd5 15. Qg4 O-O 16. Bh6 Qxg2+ 17.
Qxg2 Bxg2 18. Bxg7 Kxg7 19. Kxg2 Bf6 20. Nd3 a5 21. Re4 Rfe8 22. Rae1 Rxe4 23. Rxe4 Rd8 24. Rc4 Rd4 25. Rxc7 Rg4+ 26. Kf3 Rh4 27. Kg3 Rd4 28. Rc5 h5 29. Rxh5 a4 30. bxa4 Rc4 31. Rc5 Rxc5 32. Nxc5 Bxb2 33. a5 Bd4 34. Nd3 Kf6 35. a6 Ke6 36.
Nxb4 Kd6 37. h4 Kc7 38. h5 1-0

[Event "Late-Titled-Tuesday-Blitz-February-06-2024"]
[Site "Chess.com"]
[Date "2024.02.06"]
[Round "5"]
[White "frequentblunders"]
[Black "Supergiuly"]
[Result "0-1"]
[WhiteElo "2150"]
[BlackElo "2322"]
[TimeControl "180+1"]
[EndTime "14:55:08 PST"]
[Termination "Supergiuly won on time"]

1. d3 g6 2. f4 Bg7 3. Nf3 d5 4. Nc3 c6 5. g3 Nd7 6. Bg2 e5 7.
O-O Ne7 8. e4 dxe4 9. dxe4 exf4 10. Bxf4 O-O 11. e5 Qb6+ 12. Kh1 Qxb2 13. Qd2 Qa3 14. Ne4 Nd5 15. Nd6 b6 16. c4 Nxf4 17. gxf4 Ba6 18. Ng5 f6 19. Ne6 fxe5 20. Nxf8 Rxf8 21.
Bxc6 exf4 22. Qd5+ Kh8 23. Rad1 Ne5 24. Rfe1 Qc5 25.
Rxe5 Qxc6 26. Nf7+ Rxf7 27. Qxc6 Bb7 28. Re8+ Bf8 0-1

[Event "Late-Titled-Tuesday-Blitz-February-06-2024"]
[Site "Chess.com"]
[Date "2024.02.06"]
[Round "5"]
[White "Iuckyducky"]
[Black "Alina_Gumerovna"]
[Result "1-0"]
[WhiteElo "2261"]
[BlackElo "2086"]
[TimeControl "180+1"]
[EndTime "14:55:08 PST"]
[Termination "Iuckyducky won by resignation"]

1. e4 e5 2. Nf3 Nf6 3. Nxe5 d6 4.
Nf3 Nxe4 5. Nc3 Nxc3 6. dxc3 Be7 7. Bd3 O-O 8. Bf4 Nd7 9. Qd2 Nf6 10. O-O-O c5 11.
c4 a6 12. Rhe1 Nh5 13. Be3 Rb8 14. h3 b5 15. g4 Nf6 16. g5 Nd7 17. Qe2 Re8 18.
cxb5 axb5 19. Bxb5 Bb7 20. Bc4 d5 21. Bxd5 Bxd5 22.
Rxd5 Qb6 23. c3 Nf8 24. Rf1 Qa5 25. Qc4 Qa8 26. Ne5 Ne6 27. h4 Rbd8 28. Rfd1 Rxd5 29. Rxd5 Qb7 30. Rd1 Qa8 31. Qd5 Qa7 32. Qd7 Qxd7 33. Rxd7 f6 34. Nc6 Bf8 35. gxf6 gxf6 36. a4 h5 37. a5 Bg7 38. a6 Nf8 39. Rb7 Ra8 40. a7 Ne6 41. Rb8+ Rxb8 42. axb8=Q+ 1-0

[Event "Late-Titled-Tuesday-Blitz-February-06-2024"]
[Site "Chess.com"]
[Date "2024.02.06"]
[Round "5"]
[White "balachess2006"]
[Black "Grindaveci"]
[Result "1-0"]
[WhiteElo "2700"]
[BlackElo "2452"]
[TimeControl "180+1"]
[EndTime "14:55:09 PST"]
[Termination "balachess2006 won by resignation"]

1. c4 e6 2. Nf3 d5 3. e3 Nf6 4. Nc3 c5 5. cxd5 exd5 6. d4 Nc6 7. Bb5 Be7 8. O-O O-O 9. dxc5 Bxc5 10. b3 a6 11.
Bxc6 bxc6 12. Bb2 Bg4 13. Rc1 Bd6 14. Ne2 Bxf3 15. gxf3 Rc8 16. Kh1 Qe7 17. Rg1 Kh8 18. Qd3 Ba3 19. Bxa3 Qxa3 20. Rc2 a5 21. Qf5 Qe7 22.
Rgc1 c5 23. Nf4 Qd6 24. Rd2 Rcd8 25. Rcd1 d4 26. exd4 cxd4 27. Rxd4 Qxd4 28. Rxd4 Rxd4 29. Qc5 Rfd8 30. Qxa5 h6 31. Kg2 R8d7 32. Ne2 Rd2 33. Ng3 Rc2 34. Ne4 Nd5 35. Qa8+ Kh7 36. Kg3 f5 37. Qe8 Re7 38. Qd8 fxe4 39. Qxd5 Rc3 40. Kg2 exf3+ 41. Kg3 Rc2 42. Qf5+ Kg8 43. Qxc2 1-0

[Event "Late-Titled-Tuesday-Blitz-February-06-2024"]
[Site "Chess.com"]
[Date "2024.02.06"]
[Round "5"]
[White "Fandorine"]
[Black "Der_Balak_3Halak"]
[Result "1-0"]
[WhiteElo "2936"]
[BlackElo "2513"]
[TimeControl "180+1"]
[EndTime "14:55:11 PST"]
[Termination "Fandorine won by resignation"]

1. e4 c6 2. Nf3 d5 3. d3 dxe4 4. dxe4 Qxd1+ 5. Kxd1 Bg4 6. Be2 Nd7 7. Ne1 Ngf6 8.
Bxg4 Nxg4 9. Ke2 e5 10. Nd3 Nc5 11. f3 Nxd3 12. cxd3 Nf6 13. Nd2 Bc5 14. Nb3 Bb6 15.
a4 a5 16. Be3 Nd7 17. Rhc1 Ke7 18. Bxb6 Nxb6 19. Rc5 Nd7 20. Rxa5 Rxa5 21. Nxa5 Nc5 22. b4 Ra8 23. Nxc6+ bxc6 24. bxc5 Ra5 25. Kd2 Rxc5 26.
a5 Rb5 27. a6 Rb8 28. a7 Ra8 29. Kc3 Kd6 30. Kc4 h5 31. h4 f6 32. g3 g5 33. Ra2 Kc7 34. Kc5 Kb7 35. Kd6 Rd8+ 36. Ke6 Ka8 37. Ra3 gxh4 38. gxh4 Rg8 39. Kxf6 Rg3 40.
Kxe5 Rxf3 41. Kd6 Rf6+ 42. Kc5 Rf4 43. Ra6 Rxh4 44. Rxc6 Kxa7 45. Rh6 Rh1 46. d4 h4 47. e5 h3 48. Kd6 h2 49. d5 Kb7 50. e6 Rf1 51.
Rh7+ Kb6 52. Rxh2 Rf6 53. Rb2+ Ka5 54. Kd7 Rf4 55. d6 Rd4 1-0

[Event "Late-Titled-Tuesday-Blitz-February-06-2024"]
[Site "Chess.com"]
[Date "2024.02.06"]
[Round "5"]
[White "BozeKat"]
[Black "Hui_Li_Macau"]
[Result "0-1"]
[WhiteElo "2005"]
[BlackElo "2362"]
[TimeControl "180+1"]
[EndTime "14:55:12 PST"]
[Termination "Hui_Li_Macau won on time"]

1. d4 d5 2. c4 e6 3. Nc3 Nf6 4. Nf3 Be7 5. g4 c5 6. dxc5 Bxc5 7. g5 Ne4 8. Nxe4 dxe4 9. Qxd8+ Kxd8 10. Ne5 Ke7 11. a3 Nd7 12. Nxd7 Bxd7 13. e3 a5 14. Bg2 Bc6 15. Bd2 b6 16. Bc3 f6 17.
h4 e5 18. Ke2 h6 19. b4 axb4 20. axb4 Bd6 21. gxh6 gxh6 22. Bh3 Bd7 23. Bxd7 Kxd7 24. Rhd1 Ke6 25. Kd2 h5 26. Kc2 Rhg8 27. Kb3 Be7 28. Rxa8 Rxa8 29. Rg1 Kf7 30. Rg2 Rg8 31. Rxg8 Kxg8 32.
b5 Kf7 33. Bb4 Bd8 34. c5 bxc5 35. Bxc5 Ke6 36. Kc4 f5 37. b6 f4 38. Kb5 Kd7 0-1